 Dungeon Crawl Stone Soup version 0.25-a0-942-g87a53962fc (webtiles) character file.

Game seed: 17359327312435803814, levelgen mode: deterministic

4683 kae the Spear-Bearer (level 10, -21/63 HPs)
             Began as a Merfolk Ice Elementalist on May 6, 2020.
             Was a Follower of Okawaru.
             Demolished by a two-headed ogre
             ... wielding a +0 giant club
              (36 damage)
             ... on level 8 of the Dungeon.
             The game lasted 00:11:22 (11956 turns).

kae the Spear-Bearer (Merfolk Ice Elementalist)    Turns: 11956, Time: 00:11:22

Health: -21/63     AC:  3    Str: 13    XL:     10   Next: 44%
Magic:  21/28      EV: 13    Int: 14    God:    Okawaru [*.....]
Gold:   490        SH:  0    Dex: 14    Spells: 14/21 levels left

rFire    . . .     SeeInvis .   v - +0 glaive
rCold    . . .     Gourm    .   (shield currently unavailable)
rNeg     . . .     Faith    .   a - +1 robe
rPois    .         Spirit   .   (no helmet)
rElec    .         Reflect  .   o - scarf {repulsion}
rCorr    .         Harm     .   (no gloves)
MR       .....                  (no boots)
Stlth    ++........             i - amulet of regeneration
HPRegen  0.60/turn              p - ring of magical power
MPRegen  0.21/turn              (no ring)

@: frozen ramparts, repel missiles
A: change form in water, swift swim, stealthy swim
a: Heroism, Renounce Religion


You were on level 8 of the Dungeon.
You worshipped Okawaru.
Okawaru was aware of your devotion.
You were not hungry.

You visited 2 branches of the dungeon, and saw 9 of its levels.

You collected 490 gold pieces.

Inventory:

Hand Weapons
 d - a +0 trident
 e - a +0 short sword
 v - a +0 glaive (weapon)
Missiles
 f - 105 arrows
Armour
 a - a +1 robe (worn)
 o - a scarf of repulsion (worn)
Jewellery
 i - an amulet of regeneration (around neck)
 l - an uncursed amulet of guardian spirit
 p - a ring of magical power (left hand)
Wands
 h - a wand of flame (15)
 n - a wand of disintegration (13)
 t - a wand of iceblast (21)
 w - a wand of polymorph (10)
Scrolls
 b - 3 scrolls of remove curse
 g - a scroll of immolation
 j - 4 scrolls of identify
 k - 3 scrolls of teleportation
 m - a scroll of fear
 r - a scroll of amnesia
Potions
 s - a potion of berserk rage
 u - 2 potions of might {unknown}
Comestibles
 c - 6 rations


   Skills:
 * Level 13.5 Polearms
 - Level 2.6 Dodging
 - Level 2.1 Stealth
 - Level 6.1 Spellcasting
 - Level 11.0 Ice Magic


You had 14 spell levels left.
You knew the following spells:

 Your Spells              Type           Power        Failure   Level  Hunger
a - Freeze                Ice            ####         1%          1    None
b - Frozen Ramparts       Ice            #####.       1%          3    ###....
c - Ozocubu's Armour      Chrm/Ice       ###.....     4%          3    ###....

Your spell library contained the following spells:

 Spells                   Type           Power        Failure   Level  Hunger
 Hailstorm                Conj/Ice       ###.....     16%         4    ####...
 Summon Ice Beast         Ice/Summ       ###.....     16%         4    ####...


Dungeon Overview and Level Annotations

Branches:
Dungeon (8/15)             Temple (1/1) D:7
   Lair: D:8-11

Altars:
Cheibriados
Dithmenos
Elyvilon
Fedhas
Gozag
Hepliaklqana
Kikubaaqudgha
Makhleb
Nemelex Xobeh
Okawaru
Qazlal
Ru
Sif Muna
Trog
Uskayaw
Vehumet
Wu Jian
Xom
Zin
The Shining One
Beogh

Shops:
D:6 =   D:7 (:

Annotations:
D:3 3 runed translucent doors, Yok's ghost, amateur MiFi
D:8 3 runed translucent doors, exclusion: two-headed ogre


Message History

Aiming: Freeze (safe; 1% risk of failure)
Press: ? - help, Shift-Dir - straight line, f/p - two-headed ogre
Aim: a two-headed ogre, wielding a +0 giant club and a +0 giant spiked club (severely wounded)
You freeze the two-headed ogre.
The two-headed ogre is severely wounded.
The wall freezes the two-headed ogre.
The two-headed ogre hits you with a +0 giant club!!
The two-headed ogre hits you with a +0 giant spiked club!
* * * LOW HITPOINT WARNING * * *
Casting: Freeze (safe; 1% risk of failure)
Confirm with . or Enter, or press ? or * to list all spells.
Aiming: Freeze (safe; 1% risk of failure)
Press: ? - help, Shift-Dir - straight line, f/p - two-headed ogre
Aim: a two-headed ogre, wielding a +0 giant club and a +0 giant spiked club (almost dead)
You freeze the two-headed ogre.
The two-headed ogre is almost dead.
The wall freezes the two-headed ogre.
The two-headed ogre hits you with a +0 giant club!!!
Ouch! That really hurt!
You die...

***,,*************,***,****,,,,,,
**,**,,*,,,,,,**,*,,**,****,,≈≈≈,
**,**,,*,***,,**,**,**,*,,,,,≈≈≈,
*,,,**,*,,,*,**,*#*,,*,*,,,,,≈,,,
***,**,*****,##*,.##,*,,,,,,,,,,,
**,,,**,,,,,**.#,#.*,,**,,,,,,,,,
*,,*,**,,,,,###.#..##,*****,,,,,,
,,**,,**,,,*#.##O##.#,,* *,,,,,,
,**,,,**,,,###.#@#..#*,** **,****
**,,**,**,*#..#.#.#.##,,* *,*
*,,**,,**,##.#.#..#..##,* *,*
*****,**,##.#########.#,** *,*
,,,,,**,*#.#######.*#.#,,***,****
,***,**,*##.+Wg{+.###.##,*,,,,,,,
,,,***,*,*###O5o####...#..,,..,,,
,,,,***,** *#Gh.####...##.#*.#***
*,,***,*,***#hss###..#..#..#.#


You could see a two-headed ogre.

Vanquished Creatures
  5 yaks (D:7)
  Eustachio (D:4)
  Menkaure (D:4)
  Edmund (D:4)
  Duvessa (D:5)
  A black bear (D:8)
  3 orc warriors
  An ice beast (D:5)
  A sky beast (D:5)
  5 ogres
  3 phantoms
  6 centaurs
  A big kobold (D:4)
  2 bullfrogs
  Dowan (D:5)
  5 scorpions
  6 killer bees (D:8)
  3 crimson imps
  3 hounds
  A bullfrog skeleton (D:6)
  2 jellies
  3 orc priests
  An iguana (D:4)
  Ijyb (D:3)
  4 orc wizards
  5 worker ants
  A hound zombie (D:7)
  A hound skeleton (D:3)
  A worker ant zombie (D:7)
  Robin (D:4)
  10 adders
  2 shadow imps
  A dart slug (D:2)
  2 worms
  6 leopard geckos
  41 orcs
  12 bats
  3 giant cockroaches
  12 goblins
  11 hobgoblins
  8 jackals
  27 kobolds
  3 quokkas
  A ball python (D:1)
  4 frilled lizards
  A quokka skeleton (D:5)
  8 rats
223 creatures vanquished.

Vanquished Creatures (others)
  A gnoll (D:8)
  2 plants (D:4)
3 creatures vanquished.

Grand Total: 226 creatures vanquished

Notes
Turn   | Place    | Note
-------+----------+-------------------------------------------
     0 | D:1      | kae the Merfolk Ice Elementalist began the quest for the
                  | Orb.
     0 | D:1      | Reached XP level 1. HP: 13/13 MP: 3/3
   207 | D:1      | Reached XP level 2. HP: 19/19 MP: 1/5
   527 | D:1      | Reached skill level 5 in Ice Magic
   786 | D:1      | Reached XP level 3. HP: 19/24 MP: 4/6
  1720 | D:2      | Reached XP level 4. HP: 12/30 MP: 0/8
  1743 | D:2      | HP: 2/45 [poisoned by an adder]
  1751 | D:2      | HP: 1/45 [poisoned by an adder]
  3116 | D:3      | Reached skill level 1 in Polearms
  3116 | D:3      | Reached XP level 5. HP: 19/35 MP: 5/9
  3466 | D:3      | Found an opulent altar of Gozag.
  3899 | D:3      | Noticed Ijyb
  3906 | D:3      | Reached skill level 2 in Polearms
  3912 | D:3      | Killed Ijyb
  4365 | D:3      | Found a runed translucent gate.
  4365 | D:3      | Found a runed translucent gate.
  4365 | D:3      | Noticed Yok's ghost (amateur MiFi)
  4366 | D:3      | Found a runed translucent gate.
  4366 | D:3      | Identified the +1 short sword of Destruction {flame, rC-
                  | rN+++ Str+4 Dex+3}
  4366 | D:3      | Identified the cursed +1 scale mail of the Good {rN+ MP+9
                  | Stlth+}
  4368 | D:3      | Found a roughly hewn altar of Beogh.
  4543 | D:3      | Learned a level 3 spell: Frozen Ramparts
  4603 | D:4      | Noticed Robin
  4619 | D:3      | Reached skill level 3 in Polearms
  4619 | D:3      | Reached XP level 6. HP: 20/41 MP: 1/11
  4840 | D:4      | Noticed Menkaure
  5100 | D:4      | Killed Menkaure
  5100 | D:4      | Reached skill level 4 in Polearms
  5108 | D:4      | Reached XP level 7. HP: 46/46 MP: 7/12
  5120 | D:4      | Killed Robin
  5170 | D:4      | Noticed Edmund
  5186 | D:4      | Killed Edmund
  5186 | D:4      | Reached skill level 5 in Polearms
  5628 | D:4      | Reached skill level 6 in Polearms
  6170 | D:4      | Found an ornate altar of the Wu Jian Council.
  6186 | D:4      | Noticed Eustachio
  6198 | D:4      | Killed Eustachio
  6198 | D:4      | Reached XP level 8. HP: 37/52 MP: 1/14
  6488 | D:5      | Entered Level 5 of the Dungeon
  6488 | D:5      | Noticed Duvessa
  6490 | D:5      | Noticed Dowan
  6732 | D:5      | Reached skill level 7 in Polearms
  7368 | D:5      | Learned a level 3 spell: Ozocubu's Armour
  7632 | D:5      | Killed Dowan
  7632 | D:5      | Reached skill level 8 in Polearms
  7861 | D:5      | Killed Duvessa
  8180 | D:5      | Reached skill level 5 in Spellcasting
  8368 | D:6      | Reached skill level 9 in Polearms
  8368 | D:6      | Reached XP level 9. HP: 57/57 MP: 10/16
  9054 | D:5      | Reached skill level 10 in Polearms
  9235 | D:6      | Found Awoyzxad's Jewellery Boutique.
  9259 | D:6      | Reached skill level 10 in Ice Magic
  9727 | D:6      | Found an ancient bone altar of Kikubaaqudgha.
  9737 | D:6      | Found a burning altar of Makhleb.
  9752 | D:6      | Found a blossoming altar of Fedhas.
  9759 | D:6      | Found a shimmering blue altar of Sif Muna.
  9835 | D:7      | Found Ydiadiaw's Weapon Shop.
  9842 | D:7      | Found a stormy altar of Qazlal.
 10045 | D:7      | Reached skill level 11 in Polearms
 10049 | D:7      | Reached XP level 10. HP: 42/63 MP: 8/19
 10275 | D:7      | Found Wuffeoq's Book Shop.
 10306 | D:7      | Found a staircase to the Ecumenical Temple.
 10352 | Temple   | Entered the Ecumenical Temple
 10495 | Temple   | Became a worshipper of Warmaster Okawaru
 11186 | D:8      | Reached skill level 12 in Polearms
 11357 | D:8      | Noticed a two-headed ogre
 11656 | D:8      | Reached skill level 13 in Polearms
 11728 | D:8      | Reached * piety under Okawaru
 11927 | D:8      | Noticed a two-headed ogre
 11940 | D:8      | Found a runed translucent door.
 11940 | D:8      | Found a runed translucent door.
 11940 | D:8      | Found a runed translucent door.
 11940 | D:8      | Noticed a two-headed ogre
 11956 | D:8      | Demolished by a two-headed ogre

Levels and vault maps discovered:
D:1:      scummos_arrival_star, layout_basic, serial_bayou_ford_a
D:2:      layout_basic, serial_corexii_hall, corexii_hall_statues_t,
          corexii_hall_statues_deadend, dk_noncrumbling_3
D:3:      layout_loops_corners, grunt_gozag_statues, first_ration,
          biasface_ghost_orc_armoury, grunt_ministairs_1, uniq_ijyb
D:4:      kennysheep_kobold_camp, layout_rooms, old_standard_altar, uniq_edmund,
          uniq_robin, uniq_eustachio, uniq_menkaure
D:5:      layout_rooms, uniq_duvessa
D:6:      layout_cave_pools, nicolae_overflow_quartered_altars, serial_shops,
          kennysheep_mini_moat, st_stairs_6, grunt_ministairs_4
D:7:      layout_gridville, minmay_temple_entry_butterflies, basic_altar,
          serial_shops, shop, shop
D:8:      minmay_the_grid_triangle_9x9_rhombus_full
          [minmay_the_grid_triangle_9x9_corruption,
          minmay_the_grid_triangle_9x9_intruding_spiral,
          minmay_the_grid_triangle_9x9_negative_grid,
          minmay_the_grid_triangle_9x9_fully_insulated_deathbox,
          minmay_the_grid_triangle_9x9_checkered,
          minmay_the_grid_triangle_9x9_dagger,
          minmay_the_grid_triangle_9x9_semitri,
          minmay_the_grid_triangle_9x9_prize_special], layout_basic,
          gammafunk_temple_overflow_wave, special_room [special_room_orc]
Temple:   eino_narrow_crystal_temple

Skill      XL: |  1  2  3  4  5  6  7  8  9 10 |
---------------+-------------------------------+-----
Ice Magic      | 5 6 7 8 9 10 11 | 11.0
Spellcasting   | 3 4 5 6 |  6.1
Polearms       | 1 3 4 6 9 11 13 | 13.5
Dodging        | |  2.6
Stealth        | |  2.1

Action                   |  1- 3 |  4- 6 |  7- 9 | 10-12 || total
-------------------------+-------+-------+-------+-------++-------
Melee: Short sword       |    22 |     6 |       |       ||    28
       Trident           |       |    55 |   156 |    48 ||   259
       Glaive            |       |       |       |    15 ||    15
 Cast: Freeze            |    47 |    78 |   138 |    70 ||   333
       Frozen Ramparts   |       |       |    14 |     7 ||    21
       Ozocubu's Armour  |       |       |     3 |       ||     3
Evoke: Wand              |       |     3 |       |       ||     3
  Use: Scroll            |       |     5 |     8 |     3 ||    16
       Potion            |       |     5 |     6 |       ||    11
 Stab: Distracted        |     1 |       |       |       ||     1
       Sleeping          |     2 |     3 |     1 |     2 ||     8
  Eat: Chunk             |     3 |    10 |    12 |     5 ||    30
       Ration            |       |       |     2 |       ||     2
Armor: Robe              |    10 |    29 |    28 |     9 ||    76
Dodge: Dodged            |    46 |    81 |   149 |    51 ||   327
       Repelled          |       |       |     9 |     1 ||    10

Table legend:
 A = Non-vault XP
 B = Vault XP
 C = Vault XP percentage of total XP
 D = Non-vault monster count
 E = Vault monster count
 F = Vault count percentage of total count
                 A         B        C        D         E       F
            +---------+---------+-------+---------+---------+-------
      Total |    4946 |    1745 |  26.1 |     158 |      66 |  29.5
            +---------+---------+-------+---------+---------+-------
        D:1 |      47 |       0 |   0.0 |      29 |       0 |   0.0
        D:2 |      73 |       0 |   0.0 |      14 |       0 |   0.0
        D:3 |     203 |      55 |  21.3 |      29 |       5 |  14.7
        D:4 |     230 |     713 |  75.6 |      10 |      33 |  76.7
        D:5 |     907 |     211 |  18.9 |      26 |       2 |   7.1
        D:6 |     934 |     230 |  19.8 |      22 |       3 |  12.0
        D:7 |    1579 |       0 |   0.0 |      15 |       0 |   0.0
        D:8 |     973 |     536 |  35.5 |      13 |      23 |  63.9
            +---------+---------+-------+---------+---------+-------
